 Dungeon Crawl Stone Soup version 0.28-a0-1395-g4f6bc678fa (webtiles) character file.

Game seed: 12978468857486864124

9 vineage the Skirmisher (level 2, 24/24 HPs)
             Began as a Demonspawn Fighter on Jan 4, 2022.
             Quit the game on level 1 of the Dungeon.
             The game lasted 00:00:44 (237 turns).

vineage the Skirmisher (Demonspawn Fighter)          Turns: 237, Time: 00:00:45

Health: 24/24      AC:  6    Str: 16    XL:     2   Next: 6%
Magic:  2/2        EV:  9    Int:  9    God:
Gold:   18         SH:  4    Dex: 12    Spells: 1/1 levels left

rFire   . . .      SeeInvis .   a - +0 flail
rCold   . . .      Faith    .   c - +0 buckler
rNeg    . . .      Spirit   .   b - +0 scale mail
rPois   .          Reflect  .   (no helmet)
rElec   .          Harm     .   (no cloak)
rCorr   .          Rampage  .   (no gloves)
Will    .....                   (no boots)
Stlth   ..........              (no amulet)
HPRegen 0.08/turn               (no ring)
MPRegen 0.16/turn               (no ring)

@: no status effects
A: magic regeneration
a: no special abilities


You were on level 1 of the Dungeon.
You visited 1 branch of the dungeon, and saw 1 of its levels.

You collected 18 gold pieces.

Inventory:

Hand Weapons
 a - a +0 flail (weapon)
Missiles
 e - a throwing net (quivered)
Armour
 b - a +0 scale mail (worn)
 c - a +0 buckler (worn)
Scrolls
 f - a scroll of identify {unknown}
Potions
 d - a potion of might


   Skills:
 + Level 3.6 Fighting
 - Level 1.7 Maces & Flails
 - Level 2.6 Armour
 - Level 2.6 Shields


You had one spell level left.
You didn't know any spells.
Your spell library contained the following spells:

 Spells                   Type           Power      Damage    Failure   Level
 Magic Dart               Conj           0%         1d3       86%         1
 Searing Ray              Conj           0%         2d4       95%         2
 Fulminant Prism          Conj/Hex       0%         3d6       100%        4


Dungeon Overview and Level Annotations

Branches:
Dungeon (1/15)

Altars:


Innate Abilities, Weirdness & Mutations

You regenerate magic rapidly.


Message History

No target in view!
No target in view!
No target in view!
No target in view!
No target in view!
A ball python comes into view.
Found 15 sling bullets.
The ball python hisses angrily.
A ball python is nearby!
A bat comes into view.
You thump the ball python!
You kill the ball python!
You block the bat's attack.
You have reached level 2!
Your demonic ancestry asserts itself...
Your magic begins to regenerate rapidly.
The bat hits you but does no damage. x2; The bat barely misses you.
You miss the bat. You block the bat's attack.
The bat hits you but does no damage. The bat closely misses you.
The bat hits you but does no damage.
You hit the bat.
The bat is moderately wounded.
The bat hits you but does no damage.
You sock the bat!
You kill the bat!
No target in view!
No target in view!
No target in view!
No target in view!
No target in view!
No target in view!
No target in view!
No target in view!
No target in view!
No target in view!
No target in view!
No target in view!
No target in view!
Okay, then.
Are you sure you want to abandon this character and quit the game? (Confirm with "yes".)

# ##.... .#######.#.# #.###....
#.......#..# # ....)..#
#.###########.#
#.#.........###.............#
##.#.#..###....#######'#######
##....(............##.#.# ...
#........###.##....##.#'#.....
........####.##.>....).........
........##....@................
......(.##..†.................>
.......†.......................
.........#.........#.....#...##
........##.........#.....#≈≈≈≈≈
......†.##.........##.##.#...##
........##.....######## .. ##
........##.....#
........########


There were no monsters in sight!

Vanquished Creatures
  4 ball pythons (D:1)
  A kobold (D:1)
  4 bats (D:1)
  A goblin (D:1)
10 creatures vanquished.

Notes
Turn   | Place    | Note
-------+----------+-------------------------------------------
     0 | D:1      | vineage the Demonspawn Fighter began the quest for the Orb.
     0 | D:1      | Reached XP level 1. HP: 18/18 MP: 1/1
   219 | D:1      | Gained mutation: You regenerate magic rapidly. [demonic
                  | ancestry]
   219 | D:1      | Reached XP level 2. HP: 24/24 MP: 2/2
   237 | D:1      | Quit the game

Illustrated notes

Levels and vault maps discovered:
D:1:      matt_arrival_los_fun, layout_rooms, chequers_serial_rivers_micro_b

Action                   || total
-------------------------++-------
Melee: Flail             ||    26
Armor: Scale mail        ||    18
Dodge: Dodged            ||    12
Block: Buckler           ||     8

Table legend: (Time is in decaauts)
 A = Elapsed time spent in this place.
 B = Non-inter-level travel time spent in this place.
 C = Inter-level travel time spent in this place.
 D = Time resting spent in this place.
 E = Time spent auto-exploring this place.
 F = Levels seen in this place.
 G = Mean time per level.
                   A        B        C        D        E       F      G
               +--------+--------+--------+--------+--------+-----+--------+
         Total |    246 |    234 |     12 |      0 |    170 |   1 |  246.0 |
       Dungeon |    246 |    234 |     12 |      0 |    170 |   1 |  246.0 |
               +--------+--------+--------+--------+--------+-----+--------+

Top non-repeatable levels by time:
     D:1: 246 daAuts
